 Dungeon Crawl Stone Soup version 0.24-a0-307-gf989941 (webtiles) character file.

Game seed: 13136588306606648395

609434 ShafSimulaytor the Crack Shot (level 26, -10/250 HPs)
             Began as a Centaur Hunter on May 13, 2019.
             Was the Champion of Okawaru.
             Mangled by a death cob (18 damage)
             ... on level 1 of the Realm of Zot.
             The game lasted 04:13:01 (72189 turns).

ShafSimulaytor the Crack Shot (Centaur Hunter)     Turns: 72189, Time: 04:13:03

Health: -10/250    AC: 46    Str: 24    XL:     26   Next: 72%
Magic:  38/41      EV:  8    Int: 18    God:    Okawaru [******]
Gold:   3672       SH:  5    Dex: 11    Spells: 14/54 levels left

rFire    + + .     SeeInvis +   v - +10 longbow of Anger {speed, *Drain rF+ rC+ Str+3}
rCold    + + .     Gourm    .   (shield currently unavailable)
rNeg     . . .     Faith    .   U - +6 storm dragon scales {Bai Suzhen}
rPois    .         Spirit   .   Y - +2 helmet "Dufoshul" {*Drain Int+4}
rElec    +         Reflect  +   M - +1 cloak "Ollounwa" {SInv}
rCorr    .         Harm     .   m - +2 pair of gloves {archery}
MR       ++++.     Clarity  +   i - +7 centaur barding of the Cuttlefish {MR++}
Stlth    ..........             h - +5 amulet of reflection
HPRegen  0.51/turn              z - ring "Igeisoaze" {rC+ MR+ Int+3 Dex-4 Stlth+}
MPRegen  0.27/turn              r - ring "Bunieng" {Wiz Slay+2}

@: slowed, studying Evocations
A: large, hooves 3, thin metallic scales 1, clarity, deformed body, fire
resistance 1, speed 2, tough skin 3
}: 3/15 runes: serpentine, barnacled, silver
a: Heroism, Finesse, Renounce Religion


You were on level 1 of the Realm of Zot.
You worshipped Okawaru.
Okawaru was exalted by your worship.
You were not hungry.

You visited 11 branches of the dungeon, and saw 49 of its levels.
You also visited: Trove.

You collected 9795 gold pieces.
You spent 6123 gold pieces at shops.

Inventory:

Hand Weapons
 v - the +10 longbow of Anger (weapon) {speed, *Drain rF+ rC+ Str+3}
   (Okawaru gifted it to you on level 13 of the Dungeon)

   Attacks with this weapon are significantly faster.
   It affects your strength (+3).
   It protects you from fire.
   It protects you from cold.
   It causes draining when unequipped.
Missiles
 d - 1355 arrows (quivered)
 A - 9 throwing nets
Armour
 i - the +7 centaur barding of the Cuttlefish (worn) {MR++}
   (You acquired it on level 5 of the Vaults)

   It affects your resistance to hostile enchantments.
 m - a +2 pair of gloves of archery (worn)
 M - the +1 cloak "Ollounwa" (worn) {SInv}
   (Okawaru gifted it to you on level 5 of the Depths)

   It lets you see invisible.
 U - +6 storm dragon scales (worn) {Bai Suzhen}
 Y - the +2 helmet "Dufoshul" (worn) {*Drain Int+4}
   (You acquired it on level 6 of the Lair of Beasts)

   It affects your intelligence (+4).
   It causes draining when unequipped.
Jewellery
 h - a +5 amulet of reflection (around neck)
 o - an uncursed ring of positive energy
 r - the ring "Bunieng" (right hand) {Wiz Slay+2}
   (You found it on level 1 of the Snake Pit)

   [ring of wizardry]

   It improves your spell success rate.
   It affects your accuracy and damage with ranged weapons and melee attacks
   (+2).
 z - the ring "Igeisoaze" (left hand) {rC+ MR+ Int+3 Dex-4 Stlth+}
   (You bought it in a shop on level 2 of the Elven Halls)

   [ring of intelligence]

   It affects your intelligence (+3).
   It affects your dexterity (-4).
   It protects you from cold.
   It affects your resistance to hostile enchantments.
   It makes you more stealthy.
 V - the ring "Cebbiy" {rPois rN+ Str+2 Dex+3 Stlth-}
   (You found it on level 3 of the Crypt)

   [ring of positive energy]

   It affects your strength (+2).
   It affects your dexterity (+3).
   It protects you from poison.
   It protects you from negative energy.
   It makes you less stealthy.
Wands
 g - a wand of scattershot (6)
 j - a wand of clouds (3)
 u - a wand of paralysis (70)
 S - a wand of iceblast (41)
 W - a wand of acid (27)
 Z - a wand of digging (8)
Scrolls
 b - a scroll of immolation
 k - 4 scrolls of fear
 p - 3 scrolls of blinking
 q - 16 scrolls of teleportation
 C - 2 scrolls of summoning
 E - 8 scrolls of magic mapping
 F - 6 scrolls of fog
 K - a scroll of amnesia
 O - 4 scrolls of identify
 R - 18 scrolls of remove curse
Potions
 e - 7 potions of heal wounds
 l - 8 potions of cancellation
 n - 4 potions of berserk rage
 w - a potion of mutation
 x - 8 potions of agility
 B - 4 potions of resistance
 D - a potion of ambrosia
 G - 12 potions of haste
 H - 7 potions of brilliance
 I - 10 potions of curing
 J - 2 potions of invisibility
 L - 7 potions of might
 N - 3 potions of magic
 Q - a potion of flight
Books
 t - a manual of Evocations
Miscellaneous
 c - a lamp of fire
 P - 3 boxes of beasts
Comestibles
 f - 79 rations


   Skills:
 - Level 23.0 Fighting
   Level 1.5 Short Blades
   Level 4.1 Polearms
 - Level 25.0 Bows
 - Level 5.0 Throwing
 - Level 15.0 Armour
 - Level 9.6 Dodging
 - Level 0.4 Stealth
 + Level 14.8 Spellcasting
 - Level 6.0 Hexes
 - Level 5.0 Charms
 * Level 12.0 Necromancy
 - Level 6.0 Translocations
 * Level 13.8 Earth Magic
 - Level 12.4 Invocations
 - Level 6.4 Evocations


You had 14 spell levels left.
You knew the following spells:

 Your Spells              Type           Power        Failure   Level  Hunger
a - Portal Projectile     Hex/Tloc       #####.       1%          3    None
b - Sticks to Snakes      Tmut           ##......     12%         2    None
c - Song of Slaying       Chrm           ####....     1%          2    None
d - Apportation           Tloc           #####.       1%          1    None
e - Regeneration          Chrm/Necr      #####.....   1%          3    None
f - Blink                 Tloc           N/A          1%          2    None
g - Confuse               Hex            #####...     1%          3    None
h - Borgnjor's Vile Clut  Necr/Erth      ######....   1%          5    ####...
i - Dispel Undead         Necr           ######..     1%          5    ####...
j - Corpse Rot            Necr           N/A          1%          2    None
k - Animate Dead          Necr           N/A          1%          4    None
l - Passwall              Tmut/Erth      #####...     1%          2    None
m - Death Channel         Necr           ######....   9%          6    #####..

Your spell library contained the following spells:

 Spells                   Type           Power        Failure   Level  Hunger
 Animate Skeleton         Necr           N/A          1%          1    None
 Confusing Touch          Hex            #####.       1%          1    None
 Corona                   Hex            #####..      1%          1    None
 Infusion                 Chrm           ####         1%          1    None
 Pain                     Necr           ####         1%          1    None
 Sandblast                Erth           ######       1%          1    None
 Shroud of Golubria       Chrm/Tloc      ####......   1%          2    None
 Slow                     Hex            #####...     1%          2    None
 Sublimation of Blood     Necr           ######....   1%          2    None
 Stone Arrow              Conj/Erth      #####.       1%          3    None
 Tukima's Dance           Hex            #####...     1%          3    None
 Vampiric Draining        Necr           ######....   1%          3    None
 Leda's Liquefaction      Hex/Erth       #####.....   1%          4    None
 Agony                    Necr           ######..     1%          5    ####...
 Lee's Rapid Deconstruct  Erth           ######....   1%          5    ####...
 Gell's Gravitas          Tloc           #####.....   2%          3    None
 Lesser Beckoning         Tloc           #####.....   2%          3    None
 Spectral Weapon          Hex/Chrm       ####....     2%          3    None
 Ensorcelled Hibernation  Hex/Ice        ###...       3%          2    None
 Swiftness                Chrm/Air       ###.....     4%          2    None
 Petrify                  Tmut/Erth      #####...     4%          4    None
 Dazzling Spray           Conj/Hex       ###...       7%          3    None
 Inner Flame              Hex/Fire       ###.....     7%          3    None
 Summon Guardian Golem    Hex/Summ       ###.....     7%          3    None
 Cause Fear               Hex            #####.....   7%          4    None
 Passage of Golubria      Tloc           N/A          7%          4    None
 Excruciating Wounds      Chrm/Necr      #####.....   7%          5    ####...
 Recall                   Summ/Tloc      N/A          8%          3    None
 Beastly Appendage        Tmut           ##....       9%          1    None
 Flame Tongue             Conj/Fire      ##...        9%          1    None
 Magic Dart               Conj           ##..         9%          1    None
 Shock                    Conj/Air       ##..         9%          1    None
 Summon Butterflies       Summ           ##......     9%          1    None
 Summon Small Mammal      Summ           ##..         9%          1    None
 Call Imp                 Summ           ##......     12%         2    None
 Poisonous Vapours        Pois/Air       ##....       12%         2    None
 Searing Ray              Conj           ##....       12%         2    None
 Throw Flame              Conj/Fire      ##....       12%         2    None
 Throw Frost              Conj/Ice       ##....       12%         2    None
 Bolt of Draining         Conj/Necr      ####......   19%         5    ####...
 Fulminant Prism          Conj/Hex       ###.......   22%         4    None
 Call Canine Familiar     Summ           ##......     24%         3    None
 Conjure Flame            Conj/Fire      ##......     24%         3    None
 Ignite Poison            Fire/Tmut/Pois ##......     24%         3    None
 Mephitic Cloud           Conj/Pois/Air  ##......     24%         3    None
 Spider Form              Tmut/Pois      ##........   24%         3    None
 Static Discharge         Conj/Air       ##......     24%         3    None
 Force Lance              Conj/Tloc      ###.....     24%         4    None
 Metabolic Englaciation   Hex/Ice        ###.......   52%         5    ####...
 Silence                  Hex/Air        ###.......   52%         5    ####...
 Summon Mana Viper        Hex/Summ       ###.....     52%         5    ####...
 Yara's Violent Unravell  Hex/Tmut       ###.......   52%         5    ####...
 Statue Form              Tmut/Erth      #####....    56%         6    #####..
 Airstrike                Air            ##........   58%         4    None
 Ice Form                 Ice/Tmut       ##......     58%         4    None
 Iskenderun's Mystic Bla  Conj           ##......     58%         4    None
 Sticky Flame             Conj/Fire      ##......     58%         4    None
 Summon Ice Beast         Ice/Summ       ##......     58%         4    None
 Summon Lightning Spire   Summ/Air       ##......     58%         4    None
 Darkness                 Hex            #####.....   67%         6    #####..
 Invisibility             Hex            #####...     67%         6    #####..
 Dispersal                Tloc           #####.....   69%         6    #####..
 Simulacrum               Ice/Necr       ####......   69%         6    #####..
 Alistair's Intoxication  Tmut/Pois      ##......     89%         5    ####...
 Blade Hands              Tmut           ##........   89%         5    ####...
 Fireball                 Conj/Fire      ##........   89%         5    ####...
 Irradiate                Conj/Tmut      ##........   89%         5    ####...
 Lightning Bolt           Conj/Air       ##........   89%         5    ####...
 Venom Bolt               Conj/Pois      ##........   89%         5    ####...
 Deflect Missiles         Chrm/Air       ###.......   98%         6    #####..
 Bolt of Fire             Conj/Fire      ##........   100%        6    #####..
 Conjure Ball Lightning   Conj/Air       ##........   100%        6    #####..
 Freezing Cloud           Conj/Ice/Air   ##........   100%        6    #####..
 Hydra Form               Tmut           ##........   100%        6    #####..
 Poison Arrow             Conj/Pois      ##........   100%        6    #####..
 Dragon Form              Tmut           ##........   100%        7    #######
 Ring of Flames           Chrm/Fire      ###.......   100%        7    #######
 Summon Hydra             Summ           ##........   100%        7    #######
 Chain Lightning          Conj/Air       ##........   100%        8    #######
 Controlled Blink         Tloc           N/A          100%        8    #######
 Death's Door             Chrm/Necr      #####.....   100%        8    #######
 Discord                  Hex            #####.....   100%        8    #######
 Disjunction              Tloc           #####.....   100%        8    #######
 Ignition                 Fire           ##........   100%        8    #######
 Tornado                  Air            ##........   100%        9    #######


Dungeon Overview and Level Annotations

Branches:
Dungeon (15/15)            Temple (1/1) D:5            Lair (6/6) D:11
 Shoals (4/4) Lair:4        Snake (4/4) Lair:4        Slime (0/5) Lair:6
    Orc (2/2) D:12            Elf (3/3) Orc:2        Vaults (5/5) D:14
  Crypt (3/3) Vaults:3       Tomb (0/3) Crypt:3      Depths (5/5) D:15
    Zot (1/5) Depths:5

Altars:
Cheibriados
Elyvilon
Gozag
Hepliaklqana
Kikubaaqudgha
Makhleb
Nemelex Xobeh
Okawaru
Qazlal
Ru
Sif Muna
Trog
Wu Jian
Xom
Yredelemnul
The Shining One
Beogh

Shops:
D:7 :?*([   D:9 %   D:10 [   D:12 *   D:13 }   Orc:2 :[*!   Elf:1 ?*[}
Elf:2 =   Elf:3 *   Vaults:3 *   Vaults:5 =}?%!!!=%%?   Depths:3 [

Portals:
Hell: Depths:1 Depths:2 Depths:3 Depths:4 Depths:5
Abyss: Depths:4 Depths:5
Pandemonium: Orc:2 Depths:1 Depths:2 Depths:3 Depths:4
Ziggurat: Depths:2

Annotations:
D:8 exclusion: downstairs
D:9 exclusion: downstairs
D:14 exclusion: downstairs
Shoals:1 1 runed translucent door, frenix's ghost, journeyman DsGl
Shoals:2 exclusion: downstairs
Shoals:3 Ilsuiw
Snake:2 1 runed translucent door, Arran's ghost, adept DgTm
Snake:3 exclusion: downstairs
Elf:2 3 runed translucent doors, Piajug's ghost, adept CeHu
Crypt:1 1 runed translucent door, Muecso's ghost, adept GrFi
Depths:3 exclusion: downstairs
Depths:4 exclusion: downstairs


Innate Abilities, Weirdness & Mutations

You have hooves in place of feet.
Armour fits poorly on your strangely shaped body.
You cover ground very quickly.
You have extremely tough skin. (AC +3)
You are partially covered in thin metallic scales. (AC +2)
You possess an exceptional clarity of mind.
Your flesh is heat resistant. (rF+)


Message History

You feel extremely sick.
The death cob hits you but does no damage.
The death cob hits you!
* * * LOW HITPOINT WARNING * * *
The death cob drains your vigour!
You feel as though you will be slow longer.
The death cob hits you but does no damage.
The golden dragon breathes fire at you. The bolt of fire hits you! You resist.
* * * LOW HITPOINT WARNING * * *
The death cob hits you but does no damage.
Okay, then.
You feel better. The death cob barely misses you.
The death cob hits you but does no damage.
The golden dragon breathes cold at you. The bolt of cold hits you. You resist.
* * * LOW HITPOINT WARNING * * *
The purple draconian hits you but does no damage.
The death cob hits you!!
You die...

#'##...##.## #(..#
...######..# #(..#
#'##...##..# #...#
...##'###..# #†..#
...#...##..# #...#
#'##...##..# #(..#
...##'###..# #...#
[......##..# #.Dz#
..##.8.##..# #..@#
#..##..##..# #..d#
.......##..# #...#
...##'###..# #...#
#'##...##..###...#
...#...##..#.....#
...##)###........#
#'##.∩.##......⌠.#
...######.....[..#


You could see a golden dragon, a purple draconian and a death cob.

Vanquished Creatures
  An orb of fire (Zot:1)
  3 ancient liches
  A juggernaut (Depths:4)
  Margery (Vaults:3)
  A Killer Klown (Zot:1)
  Bai Suzhen (Depths:2)
  Vashnia (Snake:4)
  Xtahua (Vaults:5)
  Saint Roka (Depths:4)
  A caustic shrike (Depths:3)
  7 golden dragons
  A bone dragon (Zot:1)
  An electric golem (Zot:1)
  7 liches
  9 tentacled monstrosities
  5 quicksilver dragons
  9 titans (Vaults:5)
  5 deep elf blademasters
  3 deep elf master archers (Elf:3)
  6 sphinxes
  An ancient champion (Crypt:2)
  A death cob (Zot:1)
  3 krakens
  Gastronok (Orc:1)
  11 tengu reavers
  Agnes (D:15)
  7 shadow dragons
  2 revenants
  8 storm dragons
  8 nagarajas
  10 frost giants
  10 fire giants
  A ghost moth (Zot:1)
  A draconian knight (Zot:1)
  10 deep elf sorcerers
  6 iron dragons
  11 vault wardens
  2 curse skulls
  12 ironheart preservers
  2 draconian shifters
  3 orc warlords
  4 deep elf elementalists
  A caustic shrike zombie (Depths:1)
  A spriggan defender (Depths:3)
  27 very ugly things
  4 ghouls
  22 stone giants
  Aizul (Shoals:3)
  3 war gargoyles (Crypt:3)
  2 reapers
  3 vampire knights
  8 deep elf demonologists
  2 green draconians (Zot:1)
  3 draconian annihilators
  A lorocyproca (Depths:3)
  15 deep elf annihilators
  3 black draconians
  6 spark wasps
  Azrael (D:13)
  3 red draconians
  A white draconian (Depths:5)
  2 yellow draconians
  2 eidola
  A green death (Depths:1)
  Josephine (D:10)
  5 purple draconians
  5 deep elf death magi
  6 merfolk impalers
  15 ettins
  2 jiangshi
  3 merfolk javelineers
  8 deep elf high priests
  14 yaktaur captains
  19 ogre magi
  5 great orbs of eyes
  9 fire dragons
  22 naga warriors
  17 ice dragons
  The ghost of Bojesaq the Slicer, a journeyman KoGl of Wu Jian (Lair:2)
  Harold (D:7)
  7 rakshasas
  9 hydras
  28 vault guards
  10 centaur warriors
  4 death knights
  2 two-headed ogres (shapeshifter)
  Erica (Lair:2)
  62 two-headed ogres
  6 spriggan air magi
  8 anacondas
  A queen ant (shapeshifter) (Vaults:4)
  26 dancing weapons
  4 merfolk avatars
  12 deep troll shamans
  2 satyrs (Shoals:4)
  15 deep troll earth magi
  A merfolk aquamancer (Shoals:4)
  A catoblepas (D:10)
  11 orc high priests
  4 tengu warriors
  A soul eater (Crypt:2)
  10 death yaks
  2 spriggan berserkers (Depths:3)
  3 vampire magi
  17 naga sharpshooters
  11 hell knights
  7 shock serpents
  15 deep elf knights
  A sun demon (Depths:3)
  2 skeletal warriors
  9 slime creatures
  4 iron trolls
  15 flayed ghosts
  A fire crab (D:12)
  4 salamander mystics
  10 sea snakes
  2 shadow wraiths
  28 deep trolls
  3 gelid demonspawn
  3 unseen horrors
  5 glowing orange brains
  19 deep elf archers
  2 torturous demonspawn (Orc:2)
  7 wizards
  An anaconda skeleton (Crypt:3)
  An infernal demonspawn (Depths:1)
  11 naga ritualists
  18 ironbrand convokers
  Pikel (D:7)
  2 lindwurms (Lair:6)
  A lindwurm (shapeshifter) (Vaults:5)
  9 harpies
  9 necromancers
  58 deep elf magi
  16 phantasmal warriors
  62 ugly things
  2 fire giant zombies
  An iron giant skeleton (Crypt:2)
  A tengu skeleton (Vaults:5)
  6 orc sorcerers
  A shadow dragon skeleton (Crypt:3)
  17 orc knights
  14 fauns (Shoals:2)
  15 mana vipers
  17 salamanders
  11 manticores
  4 moths of wrath (Zot:1)
  12 cyclopes
  A frost giant zombie (Depths:1)
  2 wolf spiders
  18 elephants
  5 torpor snails (Lair:6)
  8 water nymphs
  A shock serpent zombie (Crypt:2)
  A stone giant skeleton (Crypt:2)
  9 fire giant skeletons (Crypt:3)
  2 iron dragon skeletons (Crypt:3)
  15 vault sentinels
  22 naga magi
  29 black mambas
  15 merfolk sirens
  3 orange demons
  The ghost of Ratty the Thaumaturge, a novice DENe of Gozag (D:5)
  10 guardian serpents (Snake:4)
  A catoblepas zombie (Crypt:2)
  6 gargoyles
  An emperor scorpion zombie (Crypt:1)
  3 rust devils
  12 spiny frogs
  A rime drake (shapeshifter) (Depths:5)
  A redback zombie (D:15)
  5 komodo dragons
  5 kobold demonologists (D:12)
  59 yaktaurs
  13 freezing wraiths
  A yaktaur skeleton (Vaults:3)
  A polar bear (shapeshifter) (Depths:3)
  An ice devil (Orc:2)
  3 hellwings
  A guardian mummy (Crypt:3)
  A red devil (Orc:2)
  21 merfolk
  A tengu conjurer (Depths:3)
  A shadow dragon simulacrum (Vaults:3)
  A hydra zombie (Crypt:2)
  3 meliai (D:13)
  9 trolls
  3 tyrant leeches (Lair:6)
  A hydra skeleton (Crypt:2)
  9 hornets
  A wolf spider simulacrum (D:15)
  A sphinx simulacrum (Vaults:3)
  A spriggan zombie (Depths:3)
  3 wind drakes
  A blink frog (shapeshifter) (Depths:3)
  2 hippogriffs (shapeshifter)
  2 dream sheep (shapeshifter)
  3 blink frogs (Lair:4)
  A bog body (Crypt:2)
  12 snapping turtles
  A snapping turtle (shapeshifter) (Depths:4)
  13 hippogriffs
  An alligator skeleton (Crypt:2)
  14 dream sheep
  7 fire dragon skeletons (Crypt:3)
  4 shadows
  2 air elementals (Elf:2)
  A spriggan (shapeshifter) (Elf:2)
  4 flying skulls (Crypt:2)
  A ynoxinul (Depths:4)
  An ettin skeleton (Crypt:2)
  9 water elementals
  An ice dragon skeleton (Crypt:3)
  33 yaks
  A tarantella (shapeshifter) (Depths:3)
  5 wyverns
  An elf skeleton (Depths:3)
  19 wraiths
  6 fire elementals
  A human (shapeshifter) (Depths:4)
  A hog (shapeshifter) (Vaults:3)
  An ushabti (Crypt:3)
  6 hungry ghosts
  9 vampire mosquitoes (D:14)
  4 basilisks
  3 neqoxecs
  A deep troll zombie (Vaults:3)
  Menkaure (D:7)
  An acid dragon (Vaults:2)
  80 nagas
  3 wargs
  A floating eye (shapeshifter) (D:14)
  12 water moccasins
  A soldier ant (shapeshifter) (Depths:3)
  4 hell hounds (D:13)
  10 porcupines
  37 orc warriors
  A sky beast (D:7)
  A necrophage (D:10)
  2 ettin simulacra
  2 ice beasts
  2 human zombies
  An eye of draining (shapeshifter) (Depths:1)
  34 ogres
  5 boggarts
  40 centaurs
  43 wolves
  A boggart (shapeshifter) (Vaults:1)
  12 crocodiles
  A blink frog skeleton (Crypt:1)
  A snapping turtle skeleton (Crypt:3)
  An octopode zombie (Crypt:1)
  A hog skeleton (Crypt:2)
  A yaktaur zombie (Vaults:1)
  4 big kobolds
  A rime drake skeleton (Crypt:2)
  26 bullfrogs
  A gnoll sergeant (D:10)
  A glowing shapeshifter simulacrum (Vaults:3)
  4 earth elementals
  5 human skeletons
  8 scorpions
  A scorpion (shapeshifter) (Vaults:3)
  2 killer bees (D:8)
  A killer bee (shapeshifter) (Vaults:3)
  A raiju skeleton (Crypt:1)
  8 wights
  4 electric eels (Lair:4)
  3 howler monkeys
  14 crimson imps
  5 centaur zombies
  6 hounds
  6 jellies
  A black bear zombie (Crypt:1)
  8 centaur skeletons
  A human simulacrum (Vaults:1)
  35 orc priests
  A hound (shapeshifter) (Vaults:5)
  An iron imp (Depths:2)
  21 orc wizards
  2 bullfrog skeletons
  A gnoll shaman (D:9)
  3 iguanas
  2 hell rats (Lair:4)
  10 worker ants
  A deep dwarf skeleton (Crypt:2)
  2 hound zombies
  10 mummies (Crypt:3)
  A worker ant zombie (D:9)
  16 gnolls
  8 adders
  10 river rats (Lair:4)
  A swamp drake zombie (Crypt:2)
  8 shadow imps
  3 white imps
  3 oozes
  3 ufetubi (Depths:3)
  A halfling zombie (Crypt:1)
  4 worms
  2 dart slugs
  8 leopard geckos
  126 orcs
  5 giant cockroaches
  4 goblins
  8 hobgoblins
  19 jackals
  7 quokkas
  4 bats
  8 frilled lizards
  33 kobolds
  A leopard gecko skeleton (Crypt:2)
  A quokka skeleton (D:4)
  A quokka zombie (D:6)
  7 rats
  A spectral orc (D:3)
  A plant (Lair:6)
  7 tentacles
2393 creatures vanquished.

Vanquished Creatures (collateral kills)
  A deep elf mage (Vaults:5)
1 creature vanquished.

Vanquished Creatures (others)
  A fire giant (Vaults:5)
  2 stone giants
  A yaktaur captain (Vaults:2)
  A moth of wrath (Zot:1)
  An orc (D:7)
  4 fungi
  20 plants
  16 tentacles
  3 toadstools (Depths:2)
49 creatures vanquished.

Grand Total: 2443 creatures vanquished

Notes
Turn   | Place    | Note
-------+----------+-------------------------------------------
     0 | D:1      | ShafSimulaytor the Centaur Hunter began the quest for the
                  | Orb.
     0 | D:1      | Reached XP level 1. HP: 17/17 MP: 1/1
   691 | D:1      | Reached XP level 2. HP: 18/24 MP: 2/2
   978 | D:1      | Reached skill level 6 in Bows
  1727 | D:2      | Reached XP level 3. HP: 29/29 MP: 3/3
  1902 | D:2      | Reached skill level 1 in Short Blades
  1912 | D:2      | Reached skill level 1 in Armour
  1912 | D:2      | Reached XP level 4. HP: 19/37 MP: 4/4
  2595 | D:3      | Reached XP level 5. HP: 42/42 MP: 5/5
  2945 | D:3      | Found a basalt altar of Yredelemnul.
  3990 | D:4      | Noticed an ogre
  3997 | D:4      | Killed an ogre
  3997 | D:4      | Reached skill level 7 in Bows
  3997 | D:4      | Reached XP level 6. HP: 20/51 MP: 6/6
  4867 | D:4      | Reached XP level 7. HP: 58/58 MP: 7/7
  5441 | D:4      | You fall through a shaft for 2 floors!
  5492 | D:6      | Reached skill level 8 in Bows
  5577 | D:5      | Entered Level 5 of the Dungeon
  5726 | D:5      | Found a staircase to the Ecumenical Temple.
  5735 | Temple   | Entered the Ecumenical Temple
  5767 | Temple   | Became a worshipper of Warmaster Okawaru
  6462 | D:4      | Got a bloodstained leather armour
  6473 | D:4      | Identified the +1 leather armour of Lemp {MR+} (You found
                  | it on level 4 of the Dungeon)
  6630 | D:5      | Found a runed translucent gate.
  6630 | D:5      | Found a runed translucent gate.
  6630 | D:5      | Found a runed translucent gate.
  6724 | D:5      | Noticed Ratty's ghost (novice DENe)
  6724 | D:5      | Found a roughly hewn altar of Beogh.
  6724 | D:5      | Identified the +5 dagger of Xonn {vamp, Str+6 Dex+3}
  6724 | D:5      | Identified the +2 ring mail of the Ancient Beds {-Cast
                  | rElec Str+3 Stlth+}
  7186 | D:5      | Reached XP level 8. HP: 33/67 MP: 8/8
  7649 | D:5      | Killed Ratty's ghost
  7649 | D:5      | Reached * piety under Okawaru
  7649 | D:5      | Reached skill level 5 in Fighting
  7649 | D:5      | Reached skill level 9 in Bows
  7649 | D:5      | Reached skill level 5 in Armour
  8303 | D:6      | Got a heavily runed leather armour
  8314 | D:6      | Identified the +1 leather armour of Fedhas's Delight
                  | {Int+8} (You found it on level 6 of the Dungeon)
  8333 | D:6      | Reached skill level 1 in Invocations
  8406 | D:6      | Reached skill level 10 in Bows
  9165 | D:6      | Reached XP level 9. HP: 74/74 MP: 10/10
  9188 | D:6      | Reached ** piety under Okawaru
  9363 | D:7      | Found Qopor's Magic Scroll Shoppe.
  9374 | D:7      | Noticed Menkaure
  9385 | D:7      | Killed Menkaure
  9504 | D:7      | Found Muxirois's Weapon Boutique.
  9514 | D:7      | Found Dimenig's Armour Boutique.
  9538 | D:7      | Bought a +0 pair of gloves of archery for 161 gold pieces
  9541 | D:7      | Gained mutation: Your flesh is heat resistant. (rF+)
                  | [potion of mutation]
  9541 | D:7      | Gained mutation: You are partially covered in thin metallic
                  | scales. (AC +2) [potion of mutation]
  9541 | D:7      | Gained mutation: You possess an exceptional clarity of
                  | mind. [potion of mutation]
  9673 | D:7      | Noticed Harold
  9704 | D:7      | Killed Harold
  9704 | D:7      | Reached *** piety under Okawaru
  9704 | D:7      | Reached skill level 11 in Bows
 10034 | D:7      | Found Mesi's Book Shop.
 10095 | D:7      | Found Lofrot's General Store.
 10422 | D:7      | Noticed Pikel
 10467 | D:7      | Killed Pikel
 10467 | D:7      | Reached skill level 1 in Throwing
 10954 | D:8      | Reached XP level 10. HP: 84/84 MP: 12/12
 13109 | D:9      | Reached skill level 12 in Bows
 13148 | D:9      | Found Ekhyoda's Food Boutique.
 13334 | D:10     | Entered Level 10 of the Dungeon
 13334 | D:10     | Found Wuletike's Antique Armour Shoppe.
 13385 | D:10     | Reached **** piety under Okawaru
 13876 | D:10     | Noticed a catoblepas
 13959 | D:10     | Killed a catoblepas
 13959 | D:10     | Reached skill level 5 in Invocations
 14172 | D:10     | Received a gift from Okawaru
 14211 | D:10     | Noticed Josephine
 14237 | D:10     | Killed Josephine
 14706 | D:10     | Reached XP level 11. HP: 92/92 MP: 15/15
 14785 | D:10     | Reached skill level 13 in Bows
 14785 | D:10     | Reached skill level 5 in Throwing
 14853 | D:10     | Reached ***** piety under Okawaru
 15503 | D:10     | Received a gift from Okawaru
 16048 | D:11     | You fall through a shaft for 3 floors!
 16087 | D:14     | Noticed a fire crab
 16087 | D:14     | Noticed a six-headed hydra
 16109 | D:14     | Reached skill level 1 in Polearms
 16218 | D:13     | Noticed a centaur warrior
 16230 | D:14     | Killed a centaur warrior
 16230 | D:14     | Reached skill level 14 in Bows
 16508 | D:14     | Received a gift from Okawaru
 16786 | D:14     | Killed a six-headed hydra
 16844 | D:14     | Found a gate to the Vaults.
 16844 | D:14     | Noticed a two-headed ogre
 16844 | D:14     | Noticed a two-headed ogre
 16845 | D:14     | Noticed an ogre mage
 16871 | D:14     | Killed a two-headed ogre
 16871 | D:14     | Received a gift from Okawaru
 16891 | D:14     | Paralysed by an ogre mage for 7 turns
 16909 | D:14     | Killed an ogre mage
 16922 | D:14     | Killed a two-headed ogre
 16922 | D:14     | Reached XP level 12. HP: 55/103 MP: 10/17
 18054 | D:13     | Received a gift from Okawaru
 18055 | D:13     | Reached skill level 15 in Bows
 18055 | D:13     | Noticed a two-headed ogre
 18065 | D:13     | Killed a two-headed ogre
 18307 | D:13     | Found Ruli Pyl's Gadget Boutique.
 18326 | D:13     | Found an opulent altar of Gozag.
 18542 | D:13     | Noticed Azrael
 18562 | D:13     | Killed Azrael
 18860 | D:13     | You fall through a shaft!
 18923 | D:13     | Reached skill level 16 in Bows
 18946 | D:13     | Noticed a two-headed ogre
 18970 | D:13     | Killed a two-headed ogre
 19342 | D:13     | Reached ****** piety under Okawaru
 19531 | D:12     | Found a transporter.
 19614 | D:13     | Got a fine longbow {god gift}
 19615 | D:13     | Identified the +10 longbow of Anger {speed, *Drain rF+ rC+
                  | Str+3} (Okawaru gifted it to you on level 13 of the
                  | Dungeon)
 19644 | D:12     | Found a roughly hewn altar of Beogh.
 19671 | D:12     | Found a staircase to the Orcish Mines.
 19742 | D:12     | Found a transporter.
 20102 | D:12     | Found the +4 moon troll leather armour {Spirit, Regen++
                  | MP+5}
 20336 | D:12     | You fall through a shaft for 2 floors!
 20435 | D:12     | Found Othrik's Assorted Antiques.
 20760 | D:12     | Reached skill level 17 in Bows
 20783 | D:12     | Reached XP level 13. HP: 109/111 MP: 19/19
 20794 | D:12     | Received a gift from Okawaru
 21153 | D:11     | Received a gift from Okawaru
 21185 | D:11     | Received a gift from Okawaru
 21206 | D:11     | Found a staircase to the Lair.
 21420 | D:11     | Learned a level 3 spell: Portal Projectile
 21819 | D:15     | Entered Level 15 of the Dungeon
 21854 | D:14     | Reached skill level 18 in Bows
 22100 | D:15     | Reached skill level 1 in Hexes
 22100 | D:15     | Reached skill level 1 in Translocations
 22141 | D:15     | Reached skill level 1 in Spellcasting
 22150 | D:15     | Received a gift from Okawaru
 22164 | D:15     | Found a staircase to the Depths.
 22190 | D:15     | Noticed a fire giant
 22197 | D:15     | Killed a fire giant
 22310 | D:15     | Received a gift from Okawaru
 22347 | D:15     | Received a gift from Okawaru
 22443 | D:15     | Reached skill level 19 in Bows
 22473 | D:15     | Noticed Agnes
 22484 | D:15     | Killed Agnes
 22484 | D:15     | Received a gift from Okawaru
 22684 | D:7      | Bought a book of Battle for 600 gold pieces
 22688 | D:7      | Learned a level 2 spell: Sticks to Snakes
 22691 | D:7      | Learned a level 2 spell: Song of Slaying
 22974 | D:15     | Reached XP level 14. HP: 119/119 MP: 20/20
 23164 | D:15     | Reached skill level 10 in Fighting
 23406 | Lair:1   | Entered Level 1 of the Lair of Beasts
 23414 | Lair:1   | Reached skill level 1 in Charms
 24713 | Lair:2   | You fall through a shaft for 2 floors!
 24843 | Lair:3   | Received a gift from Okawaru
 25125 | Lair:2   | Received a gift from Okawaru
 25128 | Lair:2   | Got a slimy glaive {god gift}
 25139 | Lair:2   | Reached skill level 20 in Bows
 25219 | Lair:2   | Found a runed translucent gate.
 25220 | Lair:2   | Found a runed translucent gate.
 25220 | Lair:2   | Found a runed translucent gate.
 25220 | Lair:2   | Noticed Bojesaq's ghost (journeyman KoGl)
 25407 | Lair:2   | Noticed Erica
 25413 | Lair:2   | Killed Erica
 25716 | Lair:2   | Killed Bojesaq's ghost
 26055 | Lair:3   | Received a gift from Okawaru
 26484 | Lair:3   | Learned a level 1 spell: Apportation
 26488 | Lair:3   | Learned a level 3 spell: Regeneration
 26631 | Lair:4   | Found an ornate altar of the Wu Jian Council.
 26727 | Lair:4   | Found a staircase to the Snake Pit.
 27072 | Lair:4   | Found a staircase to the Shoals.
 27171 | Lair:4   | Reached XP level 15. HP: 128/128 MP: 22/22
 27190 | Lair:4   | Reached skill level 10 in Invocations
 28522 | Lair:6   | Entered Level 6 of the Lair of Beasts
 28722 | Lair:6   | Identified a scroll of acquirement
 28894 | Lair:6   | Found a staircase to the Slime Pits.
 28982 | Lair:6   | Received a gift from Okawaru
 29548 | Lair:6   | Found a runed translucent door.
 29666 | Lair:6   | Received a gift from Okawaru
 29754 | Lair:6   | Got a bloodstained helmet
 29765 | Lair:6   | Identified the +2 helmet "Dufoshul" {*Drain Int+4} (You
                  | acquired it on level 6 of the Lair of Beasts)
 29782 | Lair:6   | Got a crude ring mail
 29783 | Lair:6   | Identified the +4 ring mail "Naceuchien" {MR+} (You found
                  | it on level 6 of the Lair of Beasts)
 30361 | Orc:1    | Entered Level 1 of the Orcish Mines
 30381 | Orc:1    | Noticed an orc warlord
 30388 | Orc:1    | Killed an orc warlord
 30388 | Orc:1    | Received a gift from Okawaru
 30388 | Orc:1    | Reached skill level 5 in Hexes
 30405 | Orc:1    | You fall through a shaft!
 30405 | Orc:2    | Entered Level 2 of the Orcish Mines
 30609 | Orc:1    | Noticed Gastronok
 30619 | Orc:1    | Killed Gastronok
 30757 | Orc:2    | Found a staircase to the Elven Halls.
 31002 | Orc:2    | Found Rogaf's Distillery.
 31007 | Orc:2    | Found Asuqeij's General Store.
 31012 | Orc:2    | Reached skill level 1 in Necromancy
 31044 | Orc:2    | Reached skill level 5 in Translocations
 31059 | Orc:2    | Received a gift from Okawaru
 31126 | Orc:2    | Paralysed by an orc sorcerer for 6 turns
 31231 | Orc:2    | Found Yfirhyek's Antique Armour Boutique.
 31231 | Orc:2    | Found Hoebaeff's Book Shop.
 31234 | Orc:2    | Reached XP level 16. HP: 139/139 MP: 23/23
 31235 | Orc:2    | Found a one-way gate leading to the halls of Pandemonium.
 31293 | Orc:2    | Bought a scroll of enchant armour for 135 gold pieces
 31481 | Orc:2    | Identified the +4 glaive of Shame {vamp, rC- Int+2 SInv}
                  | (Okawaru gifted it to you on level 2 of the Lair of Beasts)
 31649 | D:7      | Bought the +6 chain mail "Lacus" {rPois} for 639 gold
                  | pieces
 31845 | Snake:1  | Entered Level 1 of the Snake Pit
 32447 | Snake:1  | Got a crude lead ring
 32525 | Snake:1  | Reached skill level 5 in Spellcasting
 32727 | Snake:1  | Reached skill level 5 in Charms
 32925 | Snake:2  | Received a gift from Okawaru
 32940 | Snake:2  | Reached skill level 10 in Armour
 33052 | Snake:2  | Received a gift from Okawaru
 33178 | Snake:2  | Found a runed translucent door.
 33178 | Snake:2  | Found a shimmering altar of Xom.
 33178 | Snake:2  | Noticed Arran's ghost (adept DgTm)
 33270 | Snake:2  | Reached skill level 21 in Bows
 33346 | Snake:2  | Identified the ring "Bunieng" {Wiz Slay+2} (You found it on
                  | level 1 of the Snake Pit)
 33804 | Snake:3  | Received a gift from Okawaru
 34546 | Snake:4  | Entered Level 4 of the Snake Pit
 34551 | Snake:4  | Received a gift from Okawaru
 34822 | Snake:4  | Reached XP level 17. HP: 99/146 MP: 25/27
 35326 | Snake:4  | Reached skill level 22 in Bows
 35766 | Snake:4  | Received a gift from Okawaru
 36059 | Snake:4  | Noticed Vashnia
 36072 | Snake:4  | Killed Vashnia
 36139 | Snake:4  | Received a gift from Okawaru
 36162 | Snake:4  | Received a gift from Okawaru
 36177 | Snake:4  | Reached skill level 23 in Bows
 36403 | Snake:4  | Received a gift from Okawaru
 36636 | Snake:4  | Got a serpentine rune of Zot
 37083 | D:7      | Bought a book of Minor Magic for 300 gold pieces
 37086 | D:7      | Learned a level 2 spell: Blink
 37282 | Shoals:1 | Entered Level 1 of the Shoals
 37399 | Shoals:1 | Reached XP level 18. HP: 157/157 MP: 28/28
 37615 | Shoals:1 | Found a runed translucent door.
 37617 | Shoals:1 | Noticed frenix's ghost (journeyman DsGl)
 38185 | Shoals:2 | Received a gift from Okawaru
 38943 | Shoals:2 | Identified the +3 ring mail "Pailoak" {Dex+5} (Okawaru
                  | gifted it to you on level 2 of the Shoals)
 39214 | Shoals:3 | Noticed Ilsuiw
 39235 | Shoals:3 | Noticed Aizul
 39387 | Shoals:3 | Killed Aizul
 40011 | Shoals:4 | Entered Level 4 of the Shoals
 40122 | Shoals:4 | Reached skill level 24 in Bows
 40206 | Shoals:4 | Received a gift from Okawaru
 41159 | Shoals:4 | Got a barnacled rune of Zot
 41632 | Vaults:1 | Entered Level 1 of the Vaults
 42080 | Vaults:1 | Reached XP level 19. HP: 145/168 MP: 27/29
 42409 | Vaults:1 | Received a gift from Okawaru
 42970 | Vaults:1 | Found a portal to a secret trove of treasure.
 43611 | Vaults:2 | Reached skill level 15 in Fighting
 43741 | Vaults:2 | Reached skill level 5 in Dodging
 43994 | Vaults:2 | Reached skill level 25 in Bows
 44833 | Vaults:2 | Received a gift from Okawaru
 45639 | Vaults:3 | Noticed Margery
 45655 | Vaults:3 | Killed Margery
 45713 | Vaults:3 | Received a gift from Okawaru
 45972 | Vaults:3 | Reached XP level 20. HP: 162/180 MP: 30/30
 46198 | Vaults:3 | Received a gift from Okawaru
 46403 | Vaults:3 | Found Fewoiplail's Assorted Antiques.
 46408 | Vaults:3 | Bought an onyx ring for 115 gold pieces
 46471 | Vaults:3 | Identified the +0 plate armour of the Past {rPois} (You
                  | acquired it on level 3 of the Vaults)
 46527 | Vaults:3 | Received a gift from Okawaru
 46765 | Vaults:3 | Received a gift from Okawaru
 46967 | Vaults:3 | Found a staircase to the Crypt.
 47187 | Vaults:4 | Received a gift from Okawaru
 47554 | Vaults:4 | Identified the cursed +1 scale mail "Ewaug" {Int+4} (You
                  | found it on level 4 of the Vaults)
 48778 | Vaults:4 | Received a gift from Okawaru
 48789 | Vaults:4 | Identified the +1 plate armour of Moral Flaws {Str+6}
                  | (Okawaru gifted it to you on level 4 of the Vaults)
 49287 | Depths:1 | Entered Level 1 of the Depths
 49423 | Depths:1 | Reached XP level 21. HP: 191/194 MP: 28/31
 49954 | Depths:1 | You fall through a shaft!
 50011 | Depths:2 | Noticed Bai Suzhen
 50114 | Depths:2 | Found a gateway to a ziggurat.
 50381 | Depths:1 | Found a gateway to Hell.
 50402 | Depths:1 | Received a gift from Okawaru
 50588 | Depths:1 | Got a clouded granite ring
 50595 | Depths:1 | Identified the ring of Xom's Outrage {Fire rElec Int+4}
                  | (You found it on level 1 of the Depths)
 51209 | Depths:2 | Killed Bai Suzhen
 51538 | Depths:2 | Found a glowing golden altar of the Shining One.
 51576 | Depths:2 | Received a gift from Okawaru
 52732 | Depths:3 | Received a gift from Okawaru
 52745 | Depths:3 | Reached XP level 22. HP: 209/209 MP: 26/32
 53234 | Depths:3 | Identified the Catalogue of Bewitching Feathers
 53243 | Depths:3 | Noticed a caustic shrike
 53256 | Depths:3 | Killed a caustic shrike
 53506 | Depths:3 | Identified the +8 falchion "Qeroovvi" {antimagic, rF- rC+++
                  | Dex-2 SInv}
 53527 | Depths:3 | Received a gift from Okawaru
 53616 | Depths:3 | Received a gift from Okawaru
 53909 | Depths:3 | Received a gift from Okawaru
 53992 | Depths:3 | Got a coiled sapphire amulet
 54282 | Depths:3 | Received a gift from Okawaru
 54382 | Depths:3 | Found Laah's Antique Armour Shop.
 54629 | Depths:3 | Bought a dazzling scale mail for 270 gold pieces
 54629 | Depths:3 | Identified the cursed +0 scale mail "Ibbosm" {+Inv rF+}
                  | (You bought it in a shop on level 3 of the Depths)
 54630 | Depths:3 | Identified the amulet "Ytwubbes" {Inacc *Contam rPois Str-5
                  | SInv} (You found it on level 3 of the Depths)
 54838 | D:7      | Bought the Volume of Unholy Enhancements for 1155 gold
                  | pieces
 54842 | D:7      | Learned a level 3 spell: Confuse
 54848 | D:7      | Learned a level 5 spell: Borgnjor's Vile Clutch
 54854 | D:7      | Learned a level 5 spell: Dispel Undead
 55334 | Depths:4 | Noticed a golden dragon
 55350 | Depths:4 | Killed a golden dragon
 55350 | Depths:4 | Reached skill level 1 in Earth Magic
 55359 | Depths:4 | Noticed a golden dragon
 55481 | Depths:4 | Noticed Saint Roka
 55491 | Depths:4 | Killed Saint Roka
 55532 | Depths:4 | Received a gift from Okawaru
 55537 | Depths:4 | Noticed a golden dragon
 55544 | Depths:4 | Killed a golden dragon
 55588 | Depths:4 | Reached XP level 23. HP: 88/220 MP: 0/33
 55975 | Depths:4 | Found a one-way gate to the infinite horrors of the Abyss.
 56263 | Depths:4 | Got a pitted cloak
 56264 | Depths:4 | Identified the +0 cloak of Evolution {Dex+3} (You found it
                  | on level 4 of the Depths)
 56293 | Depths:4 | Identified the +3 scale mail of the Snake Pit {rElec Int+6}
                  | (You found it on level 4 of the Depths)
 56621 | Depths:4 | Found a portal to a secret trove of treasure.
 57657 | Depths:4 | Received a gift from Okawaru
 58162 | Depths:4 | You paid a toll of a +6 demon blade to enter a treasure
                  | trove
 58163 | Trove    | Entered a treasure trove
 58176 | Trove    | Identified Sif Muna's Handbook of Damaging Malediction
 58194 | Trove    | Identified Bogh's Tome of Arcane Weapons and Boosts
 58203 | Trove    | Identified Cigotuvi's Compendium of Sinister Magic
 58282 | Depths:5 | Entered Level 5 of the Depths
 58282 | Depths:5 | Noticed a juggernaut
 58338 | Depths:4 | Killed a juggernaut
 58666 | Depths:5 | Found a gate to the Realm of Zot.
 58690 | Depths:5 | Received a gift from Okawaru
 58729 | Depths:5 | Reached skill level 5 in Earth Magic
 58794 | Depths:5 | Reached skill level 5 in Necromancy
 59552 | Depths:5 | Identified the +1 cloak "Ollounwa" {SInv} (Okawaru gifted
                  | it to you on level 5 of the Depths)
 60252 | Elf:1    | Entered Level 1 of the Elven Halls
 60285 | Elf:1    | Found Asmot's Magic Scroll Shop.
 60287 | Elf:1    | Found Tuggal's General Store.
 60289 | Elf:1    | Found Xiceorr's Armour Shop.
 60618 | Elf:1    | Found Tikuaj's Gadget Emporium.
 60766 | Elf:1    | Found a deep blue altar of Sif Muna.
 60963 | Elf:1    | Identified the Catalogue of Attacks
 61088 | Elf:2    | Reached skill level 1 in Evocations
 61184 | Elf:2    | Reached skill level 15 in Armour
 61201 | Elf:2    | Found a runed translucent gate.
 61203 | Elf:2    | Found a runed translucent gate.
 61204 | Elf:2    | Found a runed translucent gate.
 61204 | Elf:2    | Noticed Piajug's ghost (adept CeHu)
 61256 | Elf:2    | Received a gift from Okawaru
 61295 | Elf:2    | Identified the +2 gold dragon scales of Baubyss {rElec
                  | rPois rF+ rC+} (Okawaru gifted it to you on level 2 of the
                  | Elven Halls)
 61367 | Elf:2    | Found Hajitiepn's Jewellery Shop.
 61370 | Elf:2    | Bought the ring "Igeisoaze" {rC+ MR+ Int+3 Dex-4 Stlth+}
                  | for 475 gold pieces
 61544 | Elf:2    | Found a runed translucent gate.
 61545 | Elf:2    | Found a runed translucent gate.
 61546 | Elf:2    | Found a runed translucent gate.
 61780 | Elf:2    | Reached XP level 24. HP: 232/232 MP: 35/35
 62146 | Elf:3    | Entered Level 3 of the Elven Halls
 62310 | Elf:3    | Found an ancient bone altar of Kikubaaqudgha.
 62485 | Elf:3    | Reached skill level 5 in Evocations
 62669 | Elf:3    | Received a gift from Okawaru
 62826 | Elf:3    | Received a gift from Okawaru
 62976 | Elf:3    | Identified the cursed +1 scale mail of Focus {+Blink rCorr
                  | Dex-2}
 62982 | Elf:3    | Received a gift from Okawaru
 63031 | Elf:3    | Identified the +6 shortbow of Honesty {velocity, rF+ Dex+7
                  | Stlth-}
 63242 | Elf:3    | Identified the Tome of Loss
 63427 | Elf:3    | Found Gopipt's General Store.
 63441 | Elf:3    | Bought a scroll of enchant armour for 105 gold pieces
 64065 | Crypt:1  | Entered Level 1 of the Crypt
 64313 | Crypt:1  | Found a basalt altar of Yredelemnul.
 64891 | Crypt:1  | Found a runed translucent door.
 64895 | Crypt:1  | Noticed Muecso's ghost (adept GrFi)
 65131 | Crypt:2  | Reached skill level 10 in Earth Magic
 65642 | Crypt:3  | Entered Level 3 of the Crypt
 65953 | Crypt:3  | Reached skill level 10 in Spellcasting
 66144 | Crypt:3  | Found a staircase to the Tomb.
 66225 | Crypt:3  | Got a twitching copper amulet
 66228 | Crypt:3  | Identified the amulet of Raet {rN+ Regen+ Str+2 Int-5
                  | Dex+5} (You found it on level 3 of the Crypt)
 66230 | Crypt:3  | Got a sparkling golden ring
 66230 | Crypt:3  | Got a transparent pewter ring
 66371 | Crypt:3  | Identified the ring "Eheom" {rN+ MP-9 Str+7} (You found it
                  | on level 3 of the Crypt)
 66372 | Crypt:3  | Identified the ring "Cebbiy" {rPois rN+ Str+2 Dex+3 Stlth-}
                  | (You found it on level 3 of the Crypt)
 66373 | Crypt:3  | Identified the +2 trident of Autumn {flame, *Slow +Fly rN+
                  | Stlth+} (You found it on level 3 of the Crypt)
 66637 | Crypt:3  | Reached XP level 25. HP: 238/243 MP: 37/37
 66937 | Crypt:3  | Found an ancient bone altar of Kikubaaqudgha.
 66953 | Crypt:3  | Received a gift from Okawaru
 66968 | Crypt:3  | Noticed an ancient lich
 66973 | Crypt:3  | Killed an ancient lich
 67597 | Vaults:4 | Learned a level 2 spell: Corpse Rot
 67602 | Vaults:4 | Learned a level 4 spell: Animate Dead
 67612 | Vaults:5 | Entered Level 5 of the Vaults
 67699 | Vaults:5 | Received a gift from Okawaru
 68273 | Vaults:5 | Reached skill level 10 in Necromancy
 68273 | Vaults:5 | Noticed Xtahua
 68283 | Vaults:5 | Killed Xtahua
 68283 | Vaults:5 | Received a gift from Okawaru
 68557 | Vaults:5 | Noticed an ancient lich
 68568 | Vaults:5 | Reached XP level 26. HP: 65/250 MP: 18/40
 69003 | Vaults:5 | Killed an ancient lich
 69003 | Vaults:5 | Received a gift from Okawaru
 69013 | Vaults:5 | Noticed an ancient lich
 69194 | Vaults:5 | Found Loosch's Jewellery Shop.
 69593 | Vaults:5 | Found Douc's Magic Scroll Emporium.
 69593 | Vaults:5 | Found Sir Gape's Food Shop.
 69615 | Vaults:5 | Found Wopuh's Food Shoppe.
 69626 | Vaults:5 | Found Plog's Distillery.
 69629 | Vaults:5 | Found Luipnuank's Distillery.
 69630 | Vaults:5 | Bought a potion of might for 68 gold pieces
 69630 | Vaults:5 | Bought a potion of might for 68 gold pieces
 69630 | Vaults:5 | Bought 2 potions of cancellation for 272 gold pieces
 69630 | Vaults:5 | Bought a potion of haste for 170 gold pieces
 69630 | Vaults:5 | Bought a potion of magic for 136 gold pieces
 69637 | Vaults:5 | Bought a potion of haste for 170 gold pieces
 69637 | Vaults:5 | Bought a potion of cancellation for 136 gold pieces
 69637 | Vaults:5 | Bought a potion of might for 68 gold pieces
 69649 | Vaults:5 | Found Xejogg's Food Shoppe.
 69663 | Vaults:5 | Found Cimot's Magic Scroll Emporium.
 69675 | Vaults:5 | Bought a scroll of acquirement for 936 gold pieces
 69683 | Vaults:5 | Got a shimmering centaur barding
 69684 | Vaults:5 | Identified the +7 centaur barding of the Cuttlefish {MR++}
                  | (You acquired it on level 5 of the Vaults)
 69716 | Vaults:5 | Found Ytuolasm's Distillery.
 69720 | Vaults:5 | Bought a potion of brilliance for 72 gold pieces
 69720 | Vaults:5 | Bought a potion of brilliance for 72 gold pieces
 69864 | Vaults:5 | Found Donlicra's Jewellery Boutique.
 69871 | Vaults:5 | Found Eliqyary's Gadget Shoppe.
 69880 | Vaults:5 | Got a silver rune of Zot
 69994 | Vaults:5 | Killed an ancient lich
 70348 | Vaults:5 | Learned a level 2 spell: Passwall
 70355 | Vaults:5 | Learned a level 6 spell: Death Channel
 70642 | Zot:1    | Entered Level 1 of the Realm of Zot
 70744 | Zot:1    | Noticed an orb of fire
 70762 | Zot:1    | Killed an orb of fire
 71481 | Zot:1    | Received a gift from Okawaru
 72038 | Zot:1    | Received a gift from Okawaru
 72185 | Zot:1    | HP: 7/250 [purple draconian/bolt of dispelling energy (11)]
 72188 | Zot:1    | HP: 1/250 [golden dragon/bolt of fire (9)]
 72189 | Zot:1    | Mangled by a death cob

Levels and vault maps discovered:
D:1:      dpeg_arrival_renting, layout_basic
D:2:      layout_loops_ring, serial_park_tiny_1
D:3:      layout_basic, yredelemnul_forgotten_temple_becter
D:4:      layout_loops_ring
D:5:      layout_cave_pods, minmay_temple_entry_arrows,
          biasface_ghost_orc_armoury, first_ration, grunt_ministairs_6,
          hangedman_abyss_or_decor_slice
D:6:      layout_basic
D:7:      layout_loops_ring, serial_shops, shop, kennysheep_mini_moat, shop,
          shop, shop, hangedman_abyss_or_decor_lesser_grid, uniq_pikel,
          uniq_menkaure, uniq_harold
D:8:      layout_basic
D:9:      layout_cave_pods, serial_shops, nicolae_shop_stone,
          hangedman_fish_farm
D:10:     layout_stronghold, serial_shops, shop_coins, uniq_josephine
D:11:     layout_basic, minmay_lair_entry_grove
D:12:     gammafunk_wand_slinger, layout_cave_pods, david_orc_5, serial_shops,
          nicolae_shop_stone
D:13:     layout_basic, serial_shops, shop, hangedman_decor_opposing,
          minmay_fountain_box, grunt_gozag_statues, uniq_azrael
D:14:     layout_loops_cross, david_vaults_2, hangedman_glass_teeth,
          grunt_tough_drop
D:15:     grunt_enter_depths_giant_problem, layout_small_grid, st_stairs_12,
          uniq_agnes
Temple:   compressed_dpeg_triangle_lava_temple
Lair:1:   layout_cave_pods
Lair:2:   layout_hall_layers, gammafunk_ghost_hydra_chop, uniq_erica
Lair:3:   layout_gridlike, serial_bayou_pond_c, grunt_forest_small_clearings,
          st_stairs_11, grunt_forest_large_clearings, grunt_megastairs_1
Lair:4:   layout_gridlike, shoals_dummy_entry,
          minmay_snake_entry_guardpost_large, basic_altar, st_stairs_7,
          kennysheep_rathole, serial_bayou_shore_a, lemuel_fruit_tree
Lair:5:   layout_roguey, chequers_serial_rivers_small_b,
          kennysheep_catoblepas_arena, grunt_megastairs_5
Lair:6:   wormcave, layout_cave_pods, nicolae_slime_entry_slimehenge,
          serial_bayou_ford_a
Shoals:1: layout_shoals, ebering_ghost_inner_flame
Shoals:2: layout_shoals
Shoals:3: layout_shoals, nicolae_shoals_kraken_intersection, uniq_aizul,
          uniq_ilsuiw
Shoals:4: shoals_end_grunt_ice, layout_shoals
Snake:1:  layout_honeycomb
Snake:2:  layout_onion, ebering_ghost_xom
Snake:3:  layout_misc_corridors, drop_trap, grunt_ministairs_12,
          corexii_hall_statues_i
Snake:4:  johnstein_snake_rune_scales, layout_cave_town
Orc:1:    layout_diamond_mine, uniq_gastronok
Orc:2:    pf_orc_diabolical, layout_caves
Elf:1:    layout_geoelf_octagon, basic_altar, serial_shops, shop,
          minmay_elf_annihilation, minmay_shop_star
Elf:2:    layout_loops_ring, serial_shops,
          nicolae_shop_competitors_out_of_business, ebering_ghost_rock_garden,
          columned_hall_lemuel
Elf:3:    nooodl_elf_gasket, layout_geoelf_grid, basic_altar, serial_shops,
          nicolae_shop_temple_entry_statues_fountains, feat_on_display
Vaults:1: v_misc_22, ontoclasm_vaults_eye, v_misc_5,
          nicolae_vaults_twisting_passages, nicolae_vaults_little_squares_1,
          nicolae_vaults_angled_halls, nicolae_vaults_sealed_display,
          nicolae_vaults_little_squares_4, nicolae_vaults_three_branches,
          v_misc_14, nicolae_vaults_circle_grid_b, vaults_mumra_hexcomb,
          v_misc_23, layout_vaults_omnicross, enter_trove_0
Vaults:2: v_rooms_5, nicolae_vaults_network_quinsquares
          [nicolae_vaults_network_quincunx_subvault,
          nicolae_vaults_network_quincunx_subvault,
          nicolae_vaults_network_quincunx_subvault,
          nicolae_vaults_network_quincunx_subvault], v_misc_27, v_alt_pattern_6,
          nicolae_vaults_circle_grid_a, grunt_vaults_twisty,
          nicolae_vaults_c_with_doors, hangedman_vaults_stagger,
          nicolae_vaults_circle_grid_b, ontoclasm_vaults_ring_square,
          vaults_dpeg_encased_lava, vaults_dpeg_hooks, layout_vaults_omnibox
Vaults:3: vaults_room_boxed, minmay_crypt_entry_simple_round,
          nicolae_vaults_yaktaur_gun_rack, nicolae_vaults_network_square,
          hangedman_vaults_unwind, v_misc_8, vaults_dpeg_ring,
          nicolae_vaults_ninety_degrees, nicolae_vaults_asterisk, v_misc_15,
          layout_vaults_big_room, serial_shops, shop, uniq_margery
Vaults:4: hangedman_vaults_capsules, vaults_room_pool,
          nicolae_vaults_little_squares_3, v_misc_12, grunt_vaults_swirl,
          nicolae_vaults_shelves_hall, nicolae_vaults_little_squares_3,
          layout_vaults_omnigrid
Vaults:5: serial_shops, uniq_xtahua
Crypt:1:  layout_misc_corridors, basic_altar, ebering_ghost_reflecting_pool
Crypt:2:  layout_misc_corridors, grunt_ministairs_10
Crypt:3:  quadcrypt_mu
Depths:1: layout_roguey, rand_demon_pan_entry_7, hell_entry, drop_trap,
          minmay_orc_keep, roderic_lattice_octagonal_star
Depths:2: cheibrodos_lost_city_excavation, layout_basic, enter_ziggurat_a,
          grunt_hell_entry_dis_mu, tso_metal_star, rand_demon_pan_entry_1,
          minmay_gold_behind_fungi, kennysheep_small_spiral, drop_trap,
          st_stairs_4, uniq_bai_suzhen
Depths:3: minmay_spiral_squares, layout_gridlike, nicolae_two_hexagons,
          hell_entry, serial_shops, nicolae_shop_competitors_out_of_business,
          grunt_pan_entry_zigzag, serial_bayou_shore_b,
          infiniplex_staircase_squiggle
Depths:4: nicolae_legendary_halls, layout_basic, enter_trove_6,
          minmay_staircase_windowed_small, rand_demon_pan_entry_4, abyss_entry,
          hangedman_coc_ice_floe, st_stairs_9, uniq_saint_roka
Depths:5: grunt_x_marks_the_spot, layout_small_grid, pf_dread_powers_of_hell,
          abyss_entry
Zot:1:    layout_onion, hangedman_player_shredder, grunt_megastairs_3

Skill      XL: |  1  2  3  4  5  6  7  8  9 10 11 12 13 14 15 16 17 18 19 20 21 22 23 24 25 26 |
---------------+-------------------------------------------------------------------------------+-----
Bows           | 6 7 8 10 11 12 14 17 19 20 21 23 24 25 | 25.0
Short Blades   | 1 |  1.5
Armour         | 1 2 3 4 5 6 7 8 9 10 11 12 13 14 15 | 15.0
Fighting       | 3 4 5 6 7 8 9 10 11 12 13 14 16 18 20 21 22 23 | 23.0
Invocations    | 1 3 5 7 8 9 10 11 12 | 12.4
Throwing       | 2 4 5 |  5.0
Polearms       | 3 4 |  4.1
Hexes          | 2 4 5 6 |  6.0
Translocations | 2 3 5 6 |  6.0
Spellcasting   | 1 3 4 7 8 10 13 14 | 14.8
Charms         | 3 4 5 |  5.0
Necromancy     | 1 3 6 8 10 12 | 12.0
Dodging        | 4 6 7 8 9 |  9.6
Earth Magic    | 2 7 10 13 | 13.8
Evocations     | 3 6 |  6.4
Stealth        | |  0.4

Action                   |  1- 3 |  4- 6 |  7- 9 | 10-12 | 13-15 | 16-18 | 19-21 | 22-24 | 25-27 || total
-------------------------+-------+-------+-------+-------+-------+-------+-------+-------+-------++-------
Melee: Short sword       |    69 |       |       |       |       |       |       |       |       ||    69
       Kick              |    21 |    36 |    94 |   104 |       |       |     1 |       |       ||   256
       Dagger            |    37 |   154 |   310 |       |       |       |       |       |       ||   501
       Whip              |       |       |    68 |   223 |       |       |       |       |       ||   291
       Punch             |       |       |       |     3 |       |       |       |       |       ||     3
       Spear             |       |       |       |   132 |       |       |       |       |       ||   132
       Longbow           |       |       |       |       |       |       |     1 |       |       ||     1
 Fire: Shortbow          |       |     7 |    76 |   314 |       |       |       |       |       ||   397
       Longbow           |       |       |       |   245 |  1122 |  1558 |  1659 |  1914 |   745 ||  7243
Throw: Javelin           |       |     2 |     1 |       |       |       |       |       |       ||     3
       Throwing net      |       |     1 |       |       |       |       |       |       |       ||     1
       Dart              |       |       |    22 |    10 |       |       |       |       |       ||    32
 Cast: Song of Slaying   |       |       |       |       |    20 |    90 |    82 |    88 |    17 ||   297
       Regeneration      |       |       |       |       |     1 |     6 |    24 |    29 |    14 ||    74
       Portal Projectile |       |       |       |       |       |     2 |     3 |    10 |     7 ||    22
       Sticks to Snakes  |       |       |       |       |       |       |       |     2 |       ||     2
       Apportation       |       |       |       |       |       |       |       |     1 |       ||     1
       Animate Dead      |       |       |       |       |       |       |       |       |     1 ||     1
       Borgnjor's Vile C |       |       |       |       |       |       |       |       |     2 ||     2
Invok: Heroism           |       |       |     2 |     6 |     2 |     5 |    11 |    15 |     9 ||    50
       Finesse           |       |       |       |     1 |       |     2 |     8 |     7 |     4 ||    22
Evoke: Wand              |       |       |       |     1 |       |       |     1 |     4 |       ||     6
  Use: Scroll            |       |       |     9 |    21 |    15 |    13 |    13 |    22 |    12 ||   105
       Potion            |       |       |     3 |     5 |     1 |     2 |     1 |     3 |    15 ||    30
 Stab: Confused          |       |       |     1 |       |       |       |       |       |       ||     1
  Eat: Chunk             |     2 |     8 |    13 |    26 |    22 |     9 |    14 |     9 |       ||   103
       Ration            |       |       |     1 |       |     1 |     5 |     3 |     7 |     5 ||    22
Armor: Leather armour    |    32 |       |       |       |       |       |       |       |       ||    32
       Scale mail        |    14 |     4 |       |       |       |       |       |       |       ||    18
       Chain mail        |       |    49 |   138 |   280 |       |   138 |       |    39 |   133 ||   777
       Troll leather arm |       |       |       |       |    50 |    76 |    84 |       |       ||   210
       Storm dragon scal |       |       |       |       |       |       |    13 |    96 |   110 ||   219
       Ring mail         |       |       |       |       |       |       |       |    27 |       ||    27
Dodge: Dodged            |    44 |    37 |   123 |   338 |    60 |   132 |   114 |   147 |    78 ||  1073
Block: Other             |       |       |       |       |       |     7 |    32 |    43 |    32 ||   114
       Reflection        |       |       |       |       |       |     2 |    13 |     7 |     1 ||    23

Table legend:
 A = Non-vault XP
 B = Vault XP
 C = Vault XP percentage of total XP
 D = Non-vault monster count
 E = Vault monster count
 F = Vault count percentage of total count
                 A         B        C        D         E       F
            +---------+---------+-------+---------+---------+-------
      Total |  691707 |  755463 |  52.2 |    1516 |     874 |  36.6
            +---------+---------+-------+---------+---------+-------
        D:1 |      37 |       0 |   0.0 |      21 |       0 |   0.0
        D:2 |      97 |       0 |   0.0 |      22 |       0 |   0.0
        D:3 |     172 |       1 |   0.6 |      32 |       1 |   3.0
        D:4 |     806 |       0 |   0.0 |      32 |       0 |   0.0
        D:5 |     348 |     574 |  62.3 |      13 |      11 |  45.8
        D:6 |     920 |       0 |   0.0 |      31 |       0 |   0.0
        D:7 |     422 |    1691 |  80.0 |      11 |       3 |  21.4
        D:8 |     734 |       0 |   0.0 |      13 |       0 |   0.0
        D:9 |     996 |     716 |  41.8 |      21 |       3 |  12.5
       D:10 |    3849 |    1778 |  31.6 |      50 |       4 |   7.4
       D:11 |    5170 |    1667 |  24.4 |      26 |      12 |  31.6
       D:12 |    2865 |    4445 |  60.8 |      29 |      31 |  51.7
       D:13 |    7138 |    1798 |  20.1 |      42 |       5 |  10.6
       D:14 |    6606 |    3967 |  37.5 |      32 |       5 |  13.5
       D:15 |   18225 |    4064 |  18.2 |      50 |       3 |   5.7
     Lair:1 |    3776 |       0 |   0.0 |      24 |       0 |   0.0
     Lair:2 |    5161 |    3861 |  42.8 |      22 |       4 |  15.4
     Lair:3 |    3265 |    3873 |  54.3 |      18 |      32 |  64.0
     Lair:4 |   15152 |    1439 |   8.7 |      46 |      20 |  30.3
     Lair:5 |    2030 |     294 |  12.7 |       9 |       2 |  18.2
     Lair:6 |   15178 |    7130 |  32.0 |      30 |      20 |  40.0
   Shoals:1 |   14035 |       0 |   0.0 |      31 |       0 |   0.0
   Shoals:2 |   14142 |       0 |   0.0 |      29 |       0 |   0.0
   Shoals:3 |   15068 |    5677 |  27.4 |      29 |       5 |  14.7
   Shoals:4 |   12340 |   18143 |  59.5 |      24 |      28 |  53.8
    Snake:1 |   15787 |       0 |   0.0 |      31 |       0 |   0.0
    Snake:2 |   18509 |       0 |   0.0 |      36 |       0 |   0.0
    Snake:3 |   14733 |    3634 |  19.8 |      29 |       7 |  19.4
    Snake:4 |   37346 |   43817 |  54.0 |      76 |      63 |  45.3
      Orc:1 |    3512 |    2172 |  38.2 |      23 |       1 |   4.2
      Orc:2 |    1344 |   16893 |  92.6 |      14 |      57 |  80.3
      Elf:1 |   11235 |    4728 |  29.6 |      16 |       7 |  30.4
      Elf:2 |   19507 |   24388 |  55.6 |      36 |      29 |  44.6
      Elf:3 |   17128 |   69166 |  80.2 |      32 |      45 |  58.4
   Vaults:1 |   17609 |   15022 |  46.0 |      35 |      23 |  39.7
   Vaults:2 |   18238 |   32309 |  63.9 |      31 |      43 |  58.1
   Vaults:3 |   33377 |   26539 |  44.3 |      62 |      29 |  31.9
   Vaults:4 |   39611 |   26668 |  40.2 |      70 |      30 |  30.0
   Vaults:5 |   18649 |  175015 |  90.4 |      30 |     106 |  77.9
    Crypt:1 |    4191 |       0 |   0.0 |      12 |       0 |   0.0
    Crypt:2 |   23957 |    1930 |   7.5 |      41 |       2 |   4.7
    Crypt:3 |       0 |   56487 | 100.0 |       0 |      81 | 100.0
   Depths:1 |   42063 |   11437 |  21.4 |      54 |      15 |  21.7
   Depths:2 |   51519 |   13994 |  21.4 |      58 |      11 |  15.9
   Depths:3 |   43073 |   50514 |  54.0 |      56 |      56 |  50.0
   Depths:4 |   40121 |   54077 |  57.4 |      35 |      45 |  56.2
   Depths:5 |   39898 |   24336 |  37.9 |      33 |      18 |  35.3
      Zot:1 |   31768 |   41219 |  56.5 |      19 |      17 |  47.2
            +---------+---------+-------+---------+---------+-------
